Unix NetHack Version 3.7.0-65 Work-in-progress - last build Oct 3 2022 04:20:45 (938f679fcd32a3c70215a73001258fd12811ee3d,branch:master). Game began 2022-10-05 20:02:32, ended 2022-10-05 20:07:48. Gandelf, neutral male human Monk ---- |..--- ..| |..)..| |.. ..<| |.[...---... -.-- ---.......... |.| |.)..)..).. |.| --..@.|.-- ..| ---.-|.... ..| ----..-- |.| ----- |....| |.| |.|.---------...- |.-- |........)..)... |..----.*...-------... |...%...|....| .. -------- --.. Gandelf the Novice St:18 Dx:13 Co:13 In:11 Wi:14 Ch:7 Neutral S:474 Dlvl:4 $:28 HP:0(22) Pw:13(13) AC:3 Xp:3/74 T:897 Latest messages: t - a partly used candle (lit). You are hit by a dagger. It is hit. The hobbit misses! The gnome wields 2 daggers! You kill the hobbit! Welcome to experience level 3. You feel healthy! You kill the gnome! u - a blue gem. You see here 2 daggers. v - 2 daggers. You hear a chugging sound. You hear crashing rock. You are hit by an arrow. You are hit by an arrow. The gnome lord hits! You hit the gnome lord! The gnome lord hits! You hit the gnome lord! You hit the gnome lord! The gnome lord hits! Are you sure you want to pray? [yn] (n) y You begin praying to Chih Sung-tzu. You are surrounded by a shimmering light. The gnome lord starts to attack you, but pulls back. The gnome lord starts to attack you, but pulls back. You finish your prayer. You feel that Chih Sung-tzu is well-pleased. You feel much better. You kill the gnome lord! You are hit by a dagger. An arrow misses you. The dwarf hits! You hit the dwarf! You miss the dwarf. You kill the dwarf! w - a pair of iron shoes. You are hit by an arrow. An arrow misses you. The gnome lord swings his bow. The gnome lord hits! The gnome lord staggers from your powerful strike! Are you sure you want to pray? [yn] (n) y You begin praying to Chih Sung-tzu. You finish your prayer. You feel that Chih Sung-tzu is displeased. You are hit by an arrow! You die... Do you want your possessions identified? [ynq] (y) q Inventory: Coins $ - 28 gold pieces Weapons v - 2 +0 daggers k - a +0 halberd Armor a - an uncursed +2 pair of leather gloves (being worn) w - a cursed +0 pair of iron shoes o - an uncursed +0 pair of speed boots (being worn) b - an uncursed +1 robe (being worn) Comestibles h - 5 uncursed apples g - 2 uncursed food rations j - 3 uncursed fortune cookies i - 5 uncursed oranges Scrolls q - a blessed scroll of amnesia d - an uncursed scroll of punishment Spellbooks c - a blessed spellbook of confuse monster Potions e - a blessed potion of healing f - 2 uncursed potions of healing Rings m - an uncursed ring of sustain ability Tools t - an uncursed partly used tallow candle (lit) Gems/Stones l - an uncursed jasper stone u - an uncursed sapphire r - an uncursed worthless piece of orange glass Gandelf the Monk's attributes: Background: You were a Novice, a level 3 male human Monk. You were neutral, on a mission for Chih Sung-tzu who was opposed by Shan Lai Ching (lawful) and Huan Ti (chaotic). You were in the Gnomish Mines, on level 4. You entered the dungeon 897 turns ago. You had 74 experience points, 6 more were needed to attain level 4. Your score was 474 before end-of-game adjustments. Basics: You had 0 out of 22 hit points. You had all 13 energy points (spell power). Your armor class was 3. Your wallet contained 28 zorkmids. Autopickup was off. Final Characteristics: Your strength was 18 (limit:18/100). Your dexterity was 13 (limit:18). Your constitution was 13 (limit:18). Your intelligence was 11 (limit:18). Your wisdom was 14 (limit:18). Your charisma was 7 (limit:18). Final Status: You were not hungry. You were unencumbered. You were empty handed. You had basic skill with martial arts. Final Attributes: You were devoutly aligned. You were sleep resistant. You were poison resistant. You saw invisible. You were guarded. You were very fast. You were unlucky. Chih Sung-tzu was angry with you. You are dead. Miscellaneous: You never encountered a bones level. Total elapsed playing time was 5 minutes and 16 seconds. Major events: Turn 1: Gandelf the neutral male human Monk entered the dungeon 840: entered the Gnomish Mines 865: attained the rank of Novice (level 3) 897: killed by an arrow Vanquished creatures: a gnome leader a dwarf a hobbit a yellow mold 4 gnomes 5 jackals a fox a grid bug a kobold zombie 7 newts 23 creatures vanquished. No species were genocided or became extinct. Voluntary challenges: You followed a strict vegan diet. You never hit with a wielded weapon. You read items or engraved 1 time. You never engraved Elbereth. You never genocided any monsters. You never polymorphed an object. You never changed form. You used no wishes. Achievements: You entered a shop. You entered the Gnomish Mines. You attained the rank of Novice. The Dungeons of Doom: levels 1 to 3 Level 1: Level 2: A general store. Level 3: Stairs down to The Gnomish Mines. The Gnomish Mines: Level 4: <- You were here. Final resting place for you, killed by an arrow. Game over: ---------- / \ / REST \ / IN \ / PEACE \ / \ | Gandelf | | 28 Au | | killed by an | | arrow | | | | | | 2022 | *| * * * | * _________)/\\_//(\/(/\)/\//\/|_)_______ Goodbye Gandelf the Monk... You died in The Gnomish Mines on dungeon level 4 with 472 points, and 28 pieces of gold, after 897 moves. You were level 3 with a maximum of 22 hit points when you died.